 Dungeon Crawl Stone Soup version 0.27-a0-965-gbf8bb431c4 (webtiles) character file.

Game seed: 12157399845499674751

121 pkoi the Slasher (level 4, -1/37 HPs)
             Began as a Minotaur Gladiator on Apr 12, 2021.
             Slain by a goblin
             ... wielding a +0 club
             ... led by Robin
              (6 damage)
             ... on level 3 of the Dungeon.
             The game lasted 00:02:25 (3057 turns).

pkoi the Slasher (Minotaur Gladiator)               Turns: 3057, Time: 00:02:25

Health: -1/37      AC:  3    Str: 19    XL:     4   Next: 76%
Magic:  3/3        EV: 12    Int:  5    God:
Gold:   104        SH:  0    Dex: 12    Spells: 3/3 levels left

rFire    . . .     SeeInvis .   a - +0 long sword
rCold    . . .     Faith    .   (no shield)
rNeg     . . .     Spirit   .   b - +0 leather armour
rPois    .         Reflect  .   c - +0 hat
rElec    .         Harm     .   (no cloak)
rCorr    .         Rampage  .   (no gloves)
Will     .....                  (no boots)
Stlth    +.........             (no amulet)
HPRegen  0.12/turn              (no ring)
MPRegen  0.08/turn              (no ring)

@: no status effects
A: horns 2, retaliatory headbutt
a: no special abilities


You were on level 3 of the Dungeon.
You visited 1 branch of the dungeon, and saw 3 of its levels.

You collected 104 gold pieces.

Inventory:

Hand Weapons
 a - a +0 long sword (weapon)
Missiles
 d - 3 throwing nets (quivered)
 k - 7 boomerangs of dispersal
Armour
 b - a +0 leather armour (worn)
 c - a +0 hat (worn)
Scrolls
 e - 3 scrolls of fear {unknown}
 f - 4 scrolls of identify {unknown}
 g - a scroll of blinking {unknown}
 h - 2 scrolls of teleportation {unknown}
 i - a scroll of amnesia {unknown}
 j - a scroll of brand weapon {unknown}
Potions
 l - a potion of ambrosia {unknown}
 m - a potion of brilliance {unknown}


   Skills:
 + Level 2.8 Fighting
 + Level 6.2 Long Blades
 - Level 2.0 Throwing
 + Level 1.1 Armour
 + Level 3.5 Dodging


You had 3 spell levels left.
You didn't know any spells.
Your spell library contained the following spells:

 Spells                   Type           Power      Damage    Failure   Level
 Magic Dart               Conj           0%         1d3       54%         1
 Blink                    Tloc           N/A        N/A       67%         2
 Call Imp                 Summ           0%         N/A       67%         2
 Slow                     Hex            0%         N/A       67%         2
 Conjure Flame            Conj/Fire      0%         6-21      88%         3
 Mephitic Cloud           Conj/Pois/Air  0%         N/A       88%         3


Dungeon Overview and Level Annotations

Branches:
Dungeon (3/15)

Altars:

Annotations:
D:3 Robin


Innate Abilities, Weirdness & Mutations

You have a pair of horns on your head.
You reflexively headbutt those who attack you in melee.


Message History

You are too injured to fight recklessly!
You are too injured to fight recklessly!
You are too injured to fight recklessly!
You are too injured to fight recklessly!
You are too injured to fight recklessly!
You are too injured to fight recklessly!
You are too injured to fight recklessly!
You are too injured to fight recklessly!
You are too injured to fight recklessly!
You are too injured to fight recklessly!
You are too injured to fight recklessly!
You are too injured to fight recklessly!
You are too injured to fight recklessly!
You are too injured to fight recklessly!
You are too injured to fight recklessly!
You are too injured to fight recklessly!
You are too injured to fight recklessly!
You are too injured to fight recklessly!
You are too injured to fight recklessly!
You are too injured to fight recklessly!
You are too injured to fight recklessly!
You are too injured to fight recklessly!
You are too injured to fight recklessly!
You are too injured to fight recklessly!
You are too injured to fight recklessly!
You are too injured to fight recklessly!
Unknown command.
You hit the goblin.
You kill the goblin!
The goblin hits you with a +0 club.
* * * LOW HITPOINT WARNING * * *
The hobgoblin hits you.
* * * LOW HITPOINT WARNING * * *
Robin points. "Kill!"
Robin throws the goblin at you!
* * * LOW HITPOINT WARNING * * *
You closely miss the goblin. You headbutt the goblin.
You kill the goblin!
The goblin hits you with a +0 club.
You die...

...# ...## .$..
... g. g# ##g#
#@g#.#.#.#
#)##.#.#.
####.##....
#.....#...
#.....#..
#.....#.#+# ..
#.....#.#.#####
...####...........
..#######....[...


You could see Robin, a hobgoblin (strong) and 2 goblins.

Vanquished Creatures
  Terence (D:3)
  2 adders
  2 dart slugs (D:1)
  6 ball pythons
  6 endoplasms
  2 giant cockroaches
  9 hobgoblins
  4 jackals (D:2)
  7 kobolds
  A quokka (D:1)
  10 bats
  7 frilled lizards
  10 goblins
  3 rats
70 creatures vanquished.

Notes
Turn   | Place    | Note
-------+----------+-------------------------------------------
     0 | D:1      | pkoi the Minotaur Gladiator began the quest for the Orb.
     0 | D:1      | Reached XP level 1. HP: 18/18 MP: 0/0
   146 | D:1      | Reached skill level 4 in Long Blades
   242 | D:1      | Reached XP level 2. HP: 18/25 MP: 1/1
   655 | D:1      | Reached skill level 5 in Long Blades
   689 | D:1      | Reached XP level 3. HP: 30/30 MP: 2/2
  1835 | D:2      | Found a faded altar of an unknown god.
  2227 | D:2      | Reached skill level 6 in Long Blades
  2227 | D:2      | Reached XP level 4. HP: 37/37 MP: 3/3
  2866 | D:3      | Noticed Terence
  2877 | D:3      | Killed Terence
  2878 | D:3      | Reached skill level 1 in Armour
  3049 | D:3      | Noticed Robin
  3057 | D:3      | Slain by a goblin

Illustrated notes

Levels and vault maps discovered:
D:1:      zaba_arrival_water, layout_basic
D:2:      layout_loops_corners, shapermc_ecumenical_altar_gd, st_stairs_12
D:3:      layout_basic, uniq_robin, uniq_terence

Skill      XL: |  1  2  3  4 |
---------------+-------------+-----
Long Blades    | 4 5 6 |  6.2
Armour         | 1 |  1.1
Fighting       | |  2.8
Throwing       | |  2.0
Dodging        | |  3.5

Action                   |  1- 3 |  4- 6 || total
-------------------------+-------+-------++-------
Melee: Long sword        |    84 |    37 ||   121
       Headbutt          |    12 |     7 ||    19
 Stab: Sleeping          |     2 |       ||     2
Armor: Leather armour    |    25 |     6 ||    31
Dodge: Dodged            |    54 |    23 ||    77
       Rpst.: Long sword |    16 |     9 ||    25

Table legend: (Time is in decaauts)
 A = Elapsed time spent in this place.
 B = Non-inter-level travel time spent in this place.
 C = Inter-level travel time spent in this place.
 D = Time resting spent in this place.
 E = Time spent auto-exploring this place.
 F = Levels seen in this place.
 G = Mean time per level.
                   A        B        C        D        E       F      G
               +--------+--------+--------+--------+--------+-----+--------+
         Total |   3079 |   2949 |    130 |      0 |   2636 |   3 | 1026.3 |
       Dungeon |   3079 |   2949 |    130 |      0 |   2636 |   3 | 1026.3 |
               +--------+--------+--------+--------+--------+-----+--------+

Top non-repeatable levels by time:
     D:1: 1448 daAuts
     D:2: 1021 daAuts
     D:3: 609 daAuts
